Description

DnS v Raze: Game 2 - Redshift LE Copy

Replay - DnS v Raze: Game 2 - Redshift LE

Build Order

Get SALT Encoding   

  12  0:00  Probe  
  13  0:12  Probe  
  14  0:17  Pylon  
  14  0:24  Probe  
  15  0:32  Probe  
  15  0:37  Gateway  
  15  0:40  Probe  
  16  0:49  Assimilator  
  17  0:50  Probe  
  17  0:55  Assimilator  
  18  0:58  Probe  
  19  1:06  Probe  
  20  1:15  Gateway  
  20  1:17  Probe  
  21  1:27  Cybernetics Core  
  21  1:29  Probe  
  22  1:35  Pylon  
  24  1:55  Warp Gate  
  24  2:03  Stalker x2  
  29  2:12  Pylon  
  28  2:23  Twilight Council  
  28  2:33  Stalker x2  
  32  3:01  Dark Shrine  
  32  3:12  Nexus  
  32  3:16  Shield Battery  
  32  3:22  Pylon  
  29  3:42  Pylon  
  27  3:50  Robotics Facility  
  27  4:13  Dark Templar  
  29  4:20  Dark Templar  
Spawning Tool Build Advisor. Get it on Overwolf

Go to:

Details

  • Created by: jacobgantzpoylglot
  • Published on: Jul 02, 2018
  • Modified on: Jul 02, 2018
  • Patch: 4.0.0
Show
View Real Time Build Order
Export as new Build Order

Comments (0)

There are no comments. Be the first!

Create an account to comment!